 Dungeon Crawl Stone Soup version 0.29.1-1-gd02db6906a (webtiles) character file.

Game seed: 4494326599072082423

1700 EvilAshe the Covert (level 8, -2/36 HPs)
             Began as a Vampire Enchanter on Sept 16, 2022.
             Slain by a bullfrog (7 damage)
             ... on level 6 of the Dungeon.
             The game lasted 00:25:15 (6714 turns).

EvilAshe the Covert (Vampire Enchanter)             Turns: 6714, Time: 00:25:16

Health: -2/36      AC:  3    Str:  6 (7)  XL:     8   Next: 73%
Magic:  0/11       EV: 13    Int: 18      God:
Gold:   253        SH:  0    Dex: 15 (16) Spells: 4/11 levels left

rFire   . . .      SeeInvis +   b - +0 short sword
rCold   . . .      Faith    .   (no shield)
rNeg    . . .      Spirit   .   A - +0 leather armour
rPois   .          Reflect  .   (no helmet)
rElec   .          Harm     .   (no cloak)
rCorr   .          Rampage  .   (no gloves)
Will    .....                   (no boots)
Stlth   ++++......              (no amulet)
HPRegen 0.32/turn               (no ring)
MPRegen 0.12/turn               (no ring)

@: mighty, healing quickly
A: alive, fangs 3, see invisible, vampiric 2, [frail 3]
a: Exsanguinate


You were on level 6 of the Dungeon.
You visited 1 branch of the dungeon, and saw 7 of its levels.

You collected 253 gold pieces.

Inventory:

Hand Weapons
 a - a +1 dagger
 b - a +0 short sword (weapon)
 x - a +0 long sword
Missiles
 e - 6 datura-tipped darts
 s - 6 boomerangs (quivered)
 y - 7 curare-tipped darts
Armour
 i - an orb of energy
 r - a +2 kite shield
 A - a +0 leather armour (worn)
Scrolls
 d - a scroll of identify {unknown}
 f - a scroll of torment {unknown}
 g - a scroll of noise {unknown}
 k - 2 scrolls of blinking {unknown}
 l - a scroll of magic mapping
 m - a scroll of vulnerability {unknown}
 n - a scroll of fear
 o - a scroll of enchant weapon {unknown}
 q - 2 scrolls of teleportation
 v - 3 scrolls of silence
Potions
 c - a potion of invisibility
 j - 4 potions of degeneration {unknown}
 p - a potion of heal wounds {unknown}
 t - 5 potions of curing
 u - a potion of mutation {unknown}
 w - 2 potions of flight {unknown}
 z - a potion of attraction {unknown}


   Skills:
 + Level 5.2 Short Blades
 + Level 5.5 Dodging
 + Level 8.7 Stealth
 - Level 2.1 Spellcasting
 + Level 8.0 Hexes
 + Level 2.5 Translocations
 + Level 4.5 Ice Magic


You had 4 spell levels left.
You knew the following spells:

 Your Spells              Type           Power      Damage    Failure   Level
a - Ensorcelled Hibernat  Hex/Ice        48%        N/A       3%          2
b - Blink                 Tloc           22%        N/A       14%         2
c - Confusing Touch       Hex            30%        N/A       3%          3

Your spell library contained the following spells:

 Spells                   Type           Power      Damage    Failure   Level
 Tukima's Dance           Hex            30%        N/A       3%          3
 Apportation              Tloc           22%        N/A       10%         1
 Dazzling Flash           Conj/Hex       32%        N/A       16%         3
 Ignite Poison            Fire/Tmut/Pois 1%         N/A       63%         3
 Mephitic Cloud           Conj/Pois/Air  1%         N/A       63%         3
 Stone Arrow              Conj/Erth      2%         3d7       63%         3
 Animate Armour           Summ/Erth      2%         N/A       95%         4
 Manifold Assault         Tloc           11%        N/A       95%         5
 Freezing Cloud           Conj/Ice/Air   3%         6-21      99%         5
 Alistair's Intoxication  Tmut/Pois      0%         N/A       100%        5
 Storm Form               Tmut/Air       0%         N/A       100%        7
 Lehudib's Crystal Spear  Conj/Erth      0%         10d2      100%        8


Dungeon Overview and Level Annotations

Branches:
Dungeon (7/15)
 Temple: D:4-7

Altars:
Ru

Shops:
D:6 :

Annotations:
D:3 Terence
D:6 Maggie


Innate Abilities, Weirdness & Mutations

Your natural rate of healing is accelerated.
You have razor-sharp teeth.
You have supernaturally acute eyesight. (SInv)
You are afflicted with vampirism and can become a bat while bloodless.
[You are extremely frail. (-30% HP)]


Message History

The bullfrog resists with significant effort.
The bullfrog misses you. The bullfrog hits you.
Casting: Ensorcelled Hibernation (safe; 3% risk of failure)
Confirm with . or Enter, or press ? or * to list all spells.
You don't have enough magic to cast this spell.
The bullfrog attacks as you move away! The bullfrog misses you.
b - a +0 short sword (weapon)
The bullfrog hits you.
You hit the bullfrog.
The bullfrog is lightly wounded.
The bullfrog hits you.
You hit the bullfrog.
The bullfrog is moderately wounded.
The bullfrog closely misses you.
Casting: Ensorcelled Hibernation (safe; 3% risk of failure)
Confirm with . or Enter, or press ? or * to list all spells.
Aiming: Ensorcelled Hibernation (safe; 3% risk of failure)
Press: ? - help, Shift-Dir - straight line, f/p - bullfrog
Aim: a bullfrog (moderately wounded, chance to affect: 55%)
The bullfrog resists with significant effort.
The bullfrog hits you but does no damage.
The bullfrog barely misses you.
You hit the bullfrog.
The bullfrog is heavily wounded.
The bullfrog hits you.
You closely miss the bullfrog. Your bite misses the bullfrog.
The bullfrog is heavily wounded.
The bullfrog hits you!
You closely miss the bullfrog.
The bullfrog is heavily wounded.
The bullfrog hits you.
You barely miss the bullfrog. You bite the bullfrog.
The bullfrog is heavily wounded.
The bullfrog barely misses you.
The bullfrog swells and bulges.
The bullfrog hits you!
* * * LOW HITPOINT WARNING * * *
You feel very mighty all of a sudden. The bullfrog hits you!
You die...

####.### .#.###
#...... ...... ....
######.##.#
##...###. . .
..........# #.......
. .# ######.#..#
#..#.#...#..#
#.#..###......#....#
#.#.......#.#......#
#.#.####..#.#......#
#.#........@F...#
#.#.......#.#.......
#.######.##.#.#.#..#
#.##.#.# # #
#.##.#.. .....###
#..... ## ###


You could see a bullfrog.

Vanquished Creatures
  A wyvern (D:5)
  3 black bears
  3 ogres
  A kobold brigand (D:6)
  A phantom (D:6)
  A bullfrog (D:5)
  A necrophage (D:4)
  A howler monkey (D:6)
  6 orc priests
  A hound (D:5)
  2 jellies
  4 iguanas
  4 orc wizards
  9 adders
  8 gnolls
  An ufetubus (D:6)
  A worm (D:2)
  6 dart slugs
  10 orcs
  6 ball pythons
  8 endoplasms
  3 giant cockroaches
  3 goblins
  8 hobgoblins
  5 jackals
  4 quokkas
  5 bats
  2 frilled lizards
  8 kobolds
  4 rats
120 creatures vanquished.

Vanquished Creatures (others)
  2 fungi (D:5)
  2 plants (D:5)
4 creatures vanquished.

Grand Total: 124 creatures vanquished

Notes
Turn   | Place    | Note
-------+----------+-------------------------------------------
     0 | D:1      | EvilAshe the Vampire Enchanter began the quest for the Orb.
     0 | D:1      | Reached XP level 1. HP: 13/13 MP: 3/3
   349 | D:2      | Reached XP level 2. HP: 16/19 MP: 5/5
   363 | D:2      | Learned a level 2 spell: Ensorcelled Hibernation
   904 | D:2      | Gained mutation: You are afflicted with vampirism and can
                  | become a bat while bloodless. [Vampire growth]
   904 | D:2      | Reached XP level 3. HP: 13/24 MP: 1/6
  1127 | D:2      | Reached skill level 5 in Stealth
  1511 | D:2      | Reached skill level 5 in Hexes
  1585 | D:1      | Reached skill level 1 in Ice Magic
  1683 | D:1      | Reached XP level 4. HP: 29/30 MP: 3/7
  1728 | D:1      | Found a faded altar of an unknown god.
  2466 | D:3      | Noticed Terence
  3037 | D:3      | Reached XP level 5. HP: 35/35 MP: 5/8
  3108 | D:5      | Entered Level 5 of the Dungeon
  3311 | D:4      | Noticed an ogre
  3318 | D:4      | Killed an ogre
  3741 | D:4      | Reached XP level 6. HP: 41/41 MP: 6/9
  4749 | D:5      | Learned a level 2 spell: Blink
  4774 | D:5      | Found a sacrificial altar of Ru.
  4846 | D:5      | Reached XP level 7. HP: 46/46 MP: 10/10
  5117 | D:5      | Reached skill level 1 in Translocations
  5179 | D:5      | Noticed a wyvern
  5465 | D:5      | Killed a wyvern
  5466 | D:5      | Reached XP level 8. HP: 41/41 MP: 2/11
  5758 | D:5      | Reached skill level 5 in Dodging
  6282 | D:6      | Reached skill level 5 in Short Blades
  6501 | D:6      | Noticed Maggie
  6563 | D:6      | Found Zisynor's Book Boutique.
  6597 | D:6      | Learned a level 3 spell: Confusing Touch
  6714 | D:6      | Slain by a bullfrog

Illustrated notes

Levels and vault maps discovered:
D:1:      dpeg_arrival_tiny_k, layout_loops_cross,
          hellmonk_ecumenical_altar_run_dry
D:2:      layout_loops_ring
D:3:      layout_basic, minmay_ruptured, uniq_terence, uniq_natasha
D:4:      layout_loops_ring
D:5:      layout_loops_ring, nicolae_ru_the_path_less_chosen
D:6:      layout_basic, serial_shops, nicolae_shop_window_shopping, uniq_maggie
D:7:      layout_loops_corners, minmay_temple_entry_hall

Skill      XL: |  1  2  3  4  5  6  7  8 |
---------------+-------------------------+-----
Stealth        | 5 6 7 8 |  8.7
Hexes          | 5 6 7 8 |  8.0
Ice Magic      | 1 2 3 4 |  4.5
Short Blades   | 2 3 4 5 |  5.2
Dodging        | 3 4 5 |  5.5
Translocations | 1 2 |  2.5
Spellcasting   | |  2.1

Action                   |  1- 3 |  4- 6 |  7- 9 || total
-------------------------+-------+-------+-------++-------
Melee: Short sword       |    38 |    21 |    20 ||    79
       Dagger            |    43 |    63 |    37 ||   143
       Bite              |     6 |     7 |     3 ||    16
       Punch             |       |     1 |       ||     1
Throw: Boomerang         |       |    15 |     2 ||    17
       Dart              |       |       |     4 ||     4
 Cast: Ensorcelled Hiber |    31 |    49 |    35 ||   115
 Abil: Exsanguinate      |       |       |     3 ||     3
       Revivify          |       |       |     3 ||     3
       Bat Form          |       |       |     1 ||     1
  Use: Scroll            |       |     4 |     1 ||     5
       Potion            |       |     2 |     3 ||     5
 Stab: Sleeping          |    23 |    37 |    31 ||    91
       Distracted        |       |       |     1 ||     1
Armor: Robe              |    14 |    20 |     2 ||    36
       Leather armour    |       |       |     6 ||     6
Dodge: Dodged            |    54 |    94 |    50 ||   198
